 Dungeon Crawl Stone Soup version 0.29-a0-284-gf9362112df (webtiles) character file.

Game seed: 17909604315744430843

464 garrulousMonolith the Chopper (level 7, -6/60 HPs)
             Began as a Hill Orc Monk on Mar 24, 2022.
             Mangled by a two-headed ogre
             ... wielding a +0 giant spiked club
              (14 damage)
             ... on level 4 of the Dungeon.
             The game lasted 00:04:07 (3659 turns).

garrulousMonolith the Chopper (Hill Orc Monk)       Turns: 3659, Time: 00:04:08

Health: -6/60      AC:  9    Str: 16    XL:     7   Next: 8%
Magic:  9/9        EV: 10    Int: 16    God:
Gold:   170        SH:  7    Dex: 13    Spells: 6/6 levels left

rFire   + . .      SeeInvis .   B - +11 hand axe "Xucs" {freeze, rElec rPois rF+ rCorr}
rCold   . . .      Faith    .   w - +0 kite shield
rNeg    . . .      Spirit   .   y - +4 ring mail "Umpoonotz" {Will++}
rPois   +          Reflect  .   (no helmet)
rElec   +          Harm     .   (no cloak)
rCorr   +          Rampage  .   (no gloves)
Will    ++...                   (no boots)
Stlth   +.........              (no amulet)
HPRegen 0.20/turn               i - +6 ring of intelligence
MPRegen 0.11/turn               (no ring)

@: no status effects
A: no striking features
a: no special abilities


You were on level 4 of the Dungeon.
You visited 1 branch of the dungeon, and saw 4 of its levels.

You collected 170 gold pieces.

Inventory:

Hand Weapons
 B - the +11 hand axe "Xucs" (weapon) {freeze, rElec rPois rF+ rCorr}
   (You found it on level 2 of the Dungeon)

   It freezes those it strikes, dealing additional cold damage.
   It can also slow down cold-blooded creatures.
   rF:        It protects you from fire.
   rElec:     It insulates you from electricity.
   rPois:     It protects you from poison.
   rCorr:     It protects you from acid and corrosion.
Missiles
 d - 108 stones (quivered)
Armour
 b - a +0 robe
 e - a +0 ring mail
 h - a +0 plate armour
 w - a +0 kite shield (worn)
 y - the +4 ring mail "Umpoonotz" (worn) {Will++}
   (You found it on level 3 of the Dungeon)

   Will:      It greatly increases your willpower.
Jewellery
 i - a +6 ring of intelligence (left hand)
 l - a +6 ring of intelligence
 t - a ring of protection from fire
 v - a +6 ring of dexterity
 x - a ring of willpower
Wands
 A - a wand of polymorph (8)
Scrolls
 f - a scroll of enchant armour {unknown}
 g - a scroll of amnesia {unknown}
 j - a scroll of magic mapping {unknown}
 n - 2 scrolls of torment {unknown}
 q - a scroll of teleportation {unknown}
 s - a scroll of fog {unknown}
 u - 2 scrolls of noise {unknown}
Potions
 a - a potion of heal wounds {unknown}
 c - 2 potions of ambrosia
 k - a potion of degeneration {unknown}
 m - 3 potions of resistance
 o - a potion of lignification {unknown}
 p - a potion of haste {unknown}
 r - 2 potions of flight {unknown}
 z - 2 potions of attraction {unknown}
 C - a potion of might


   Skills:
 + Level 4.8 Fighting
 * Level 6.5 Axes
 + Level 2.9 Armour
 + Level 3.4 Dodging
 - Level 1.5 Stealth
 + Level 1.4 Shields
 + Level 3.3 Invocations


You had 6 spell levels left.
You didn't know any spells.
Your spell library contained the following spells:

 Spells                   Type           Power      Damage    Failure   Level
 Call Canine Familiar     Summ           0%         N/A       99%         3
 Portal Projectile        Hex/Tloc       0%         N/A       99%         3
 Leda's Liquefaction      Hex/Erth       0%         N/A       100%        4


Dungeon Overview and Level Annotations

Branches:
Dungeon (4/15)
 Temple: D:4-7

Altars:

Shops:
D:4 *

Annotations:
D:3 2 transporters, being54's ghost, weakling GrFi


Message History

You see here a +0 flail.
You slash the orc wizard! You freeze the orc wizard.
The orc wizard is severely wounded.
The orc wizard closely misses you.
You barely miss the orc wizard.
The orc wizard is severely wounded.
The orc wizard mumbles some strange words.
The orc wizard flickers and vanishes!
Deactivating autopickup; reactivate with Ctrl-A.
No target in view!
No target in view!
No target in view!
You slash something! You freeze something.
Reactivating autopickup.
You feel a bit more experienced.
A two-headed ogre comes into view.
It is wielding a +0 giant spiked club and a +0 giant club.
An orc comes into view. It is wielding a +0 flail.
Found a short sword.
Things that are here:
a +1 dagger of venom; a +0 robe The two-headed ogre shouts in stereo!
You hear a shout!
The two-headed ogre hits you with a +0 giant spiked club!!
The two-headed ogre barely misses you.
Things that are here:
a +0 hand axe; a scroll labelled YBUBATAMEI; an orc corpse You hit the two-headed ogre.
You freeze the two-headed ogre.
The two-headed ogre is lightly wounded.
The two-headed ogre hits you with a +0 giant spiked club!
The two-headed ogre misses you.
Okay, then.
The orc shouts!
You hear a shout! x3
Things that are here:
a +1 dagger of venom; a +0 robe
Okay, then.
Okay, then.
The two-headed ogre attacks as you move away!
The two-headed ogre hits you with a +0 giant spiked club!
* * * LOW HITPOINT WARNING * * *
The two-headed ogre hits you with a +0 giant club!
You die...

## #. ###... .##. ......
.... #..... ##..
#.##.##.## #.. #.##.##..
#.. #o##.##.# #..
#######.##.##.## #..
....<..@O).....# #..
.......#)#).##.#######..
.).....#>#..............
.......))...............
.......#..#.............
.......#....#...#####...
......∩.........# #...
########....#.### #...
######.# #...


You could see a two-headed ogre and an orc.

Vanquished Creatures
  2 ogres (D:4)
  A jelly (D:3)
  Jessica (D:2)
  An orc wizard (D:4)
  Natasha (thrice) (D:2)
  5 gnolls
  3 adders (D:2)
  6 orcs
  8 bats
  9 endoplasms
  8 goblins
  8 hobgoblins
  2 jackals (D:1)
  5 kobolds
  4 quokkas
  7 ball pythons
  4 frilled lizards
  4 rats
81 creatures vanquished.

Vanquished Creatures (others)
  8 plants (D:4)
8 creatures vanquished.

Grand Total: 89 creatures vanquished

Notes
Turn   | Place    | Note
-------+----------+-------------------------------------------
     0 | D:1      | garrulousMonolith the Hill Orc Monk began the quest for the
                  | Orb.
     0 | D:1      | Reached XP level 1. HP: 19/19 MP: 1/1
   164 | D:1      | Reached XP level 2. HP: 5/27 MP: 2/2
   526 | D:1      | Reached skill level 1 in Invocations
   570 | D:1      | Reached XP level 3. HP: 29/33 MP: 3/3
   571 | D:1      | Reached skill level 1 in Armour
  1402 | D:2      | Noticed Natasha
  1411 | D:2      | Killed Natasha
  1412 | D:2      | Reached skill level 5 in Axes
  1412 | D:2      | Reached XP level 4. HP: 16/40 MP: 5/5
  1694 | D:2      | Found a faded altar of an unknown god.
  1759 | D:2      | Noticed Natasha
  1768 | D:2      | Killed Natasha
  1769 | D:2      | Reached XP level 5. HP: 24/46 MP: 6/6
  1951 | D:2      | Noticed Natasha
  1960 | D:2      | Killed Natasha
  2074 | D:2      | Noticed Jessica
  2089 | D:2      | Killed Jessica
  2159 | D:2      | Identified the +11 hand axe "Xucs" {freeze, rElec rPois rF+
                  | rCorr}
  2412 | D:3      | Noticed being54's ghost (weakling GrFi)
  2413 | D:3      | Found a transporter.
  2424 | D:3      | Found a transporter.
  2902 | D:3      | Reached XP level 6. HP: 49/53 MP: 7/7
  2920 | D:3      | Identified the +4 ring mail "Umpoonotz" {Will++}
  3538 | D:4      | Reached skill level 6 in Axes
  3583 | D:4      | Reached skill level 1 in Shields
  3637 | D:4      | Found Fozyugoe's Assorted Antiques.
  3644 | D:4      | Reached XP level 7. HP: 60/60 MP: 9/9
  3653 | D:4      | Noticed a two-headed ogre
  3659 | D:4      | Mangled by a two-headed ogre

Illustrated notes

Levels and vault maps discovered:
D:1:      minmay_arrival_arboretum_small, layout_basic, grunt_decor_one_mirror,
          minmay_split_cup_small
D:2:      layout_basic, ebering_ecumenical_altar_box, uniq_natasha, uniq_jessica
D:3:      layout_loops_ring, gammafunk_ghost_arena, minmay_vboxes
D:4:      layout_loops_cross, serial_bayou, serial_bayou_pond_c,
          serial_bayou_lagoon_a, serial_bayou_shore_b, serial_bayou_pond_e,
          serial_shops, shop, uniq_menkaure

Skill      XL: |  1  2  3  4  5  6 |
---------------+-------------------+-----
Invocations    | 1 2 3 |  3.3
Armour         | 1 2 |  2.9
Fighting       | 4 |  4.8
Axes           | 5 6 |  6.5
Dodging        | 3 |  3.4
Shields        | 1 |  1.4
Stealth        | |  1.5

Action                   |  1- 3 |  4- 6 |  7- 9 || total
-------------------------+-------+-------+-------++-------
Melee: Hand axe          |   115 |   148 |     6 ||   269
 Stab: Sleeping          |     1 |     1 |       ||     2
Armor: Ring mail         |    19 |     3 |       ||    22
       Robe              |     1 |       |       ||     1
       Plate armour      |    64 |    63 |       ||   127
Dodge: Dodged            |    36 |    27 |     4 ||    67
Block: Kite shield       |       |    22 |       ||    22

Table legend: (Time is in decaauts)
 A = Elapsed time spent in this place.
 B = Non-inter-level travel time spent in this place.
 C = Inter-level travel time spent in this place.
 D = Time resting spent in this place.
 E = Time spent auto-exploring this place.
 F = Levels seen in this place.
 G = Mean time per level.
                   A        B        C        D        E       F      G
               +--------+--------+--------+--------+--------+-----+--------+
         Total |   3698 |   3532 |    166 |    622 |   2276 |   4 |  924.5 |
       Dungeon |   3698 |   3532 |    166 |    622 |   2276 |   4 |  924.5 |
               +--------+--------+--------+--------+--------+-----+--------+

Top non-repeatable levels by time:
     D:1: 1229 daAuts
     D:2: 1218 daAuts
     D:3: 1105 daAuts
     D:4: 145 daAuts
